cohdb
Replays
Latest Replays
All Replays
Popular Replays
Top Player Replays
Match Explorer
How It Works
Community
CoH3 Stats
Reddit
Sign in to upload your games and track your stats! →
Sign in with Steam
Match 44423505
Unlisted
Match 44423505
Overview
Messages
Build Orders
End
Construct Section Command Post
Selects Air and Sea Battlegroup
Dingo Light Scout Car
Dingo Light Scout Car
Infantry Section
Infantry Section
Vickers Machine Gun Team
Construct Platoon Command Post
Unlock M3 Stuart Light Tanks
Selects Commando Section Paradrop
M3 Stuart Light Tank
Commando Section Paradrop
Selects Commando Support Section Paradrop
Commando Support Section Paradrop
Construct Company Command Post
Commando Section Paradrop
Unlock M3 Grant Medium Tanks
Infantry Training
M3 Grant Medium Tank
Selects Anti-tank Rocket Loiter
M3 Grant Medium Tank
Anti-tank Rocket Loiter
Selects Naval Blockade
Selects UNKNOWN (223837)
Centaur IV Medium Tank
Macho Man Randy Savage
勇敢的少先队员
Sulq
Vlady the Impaler
WilllTHENOOBz
NEP_wilson_NEP
Muchozol
Spacejelly
0
0
Comments
sign in to comment!
No comments posted yet!